[Event "Team 45 45 League T28"]
[Site "Free Internet Chess Server"]
[Date "2005.09.17"]
[Round "1"]
[White "Implications"]
[Black "BIRDSMAN"]
[Result "0-1"]
[WhiteElo "1566"]
[BlackElo "1631"]
[TimeControl "2700+45"]

1. e4 e6 2. d4 d5 3. exd5 exd5 4. Nf3 Nf6 5. c4 c6 6. Nc3 Bb4 7. Bd3 O-O 8. O-O h6 9. a3 Bxc3 10. bxc3 Be6 11. cxd5 Bxd5 12. Re1 Qc7 13. c4 Bxf3 14. Qxf3 Rd8 15. Bb2 Nbd7 16. Qg3 Qxg3 17. hxg3 Kf8 18. Rab1 Nb6 19. Bc3 Rab8 20. Bb4+ Kg8 21. Bc5 Nfd7 22. Be7 Re8 23. Bd6 Ra8 24. Kf1 Rxe1+ 25. Rxe1 Rd8 26. Re7 Nc8 27. Bc7 Nxe7 28. Bxd8 Ng6 29. a4 Kf8 30. Bc7 Ke7 31. Bf5 Ngf8 32. g4 Ne6 33. Bxe6 Kxe6 34. a5 f5 35. gxf5+ Kxf5 36. f3 h5 37. g3 g5 38. c5 Nf6 39. Bd8 Nd5 40. Ke2 g4 41. Kf2 Nc3 42. Bb6 Nb5 43. Bd8 Nxd4 44. fxg4+ Kxg4 45. Bc7 Nb3 46. a6 bxa6 47. Bb8 Nxc5 48. Bxa7 Nb7 49. Bb8 a5 50. Ke3 Nc5 51. Kd4 Nb3+ 52. Kc3 a4 53. Kb4 Nd4 54. Kxa4 Ne2 55. Kb4 Nxg3 56. Ba7 Kf3 57. Kc5 h4 58. Kxc6 h3 59. Bg1 Kg2 60. Bd4 h2 61. Kd5 h1=Q 62. Be5 Kh3+ 63. Ke6 Kg4 64. Kd7 Kf5 65. Bxg3 Qd5+ 66. Bd6 Kf6 67. Kc7 Ke6 68. Ba3 Qd7+ 69. Kb6 Kd5 70. Bb4 Qc6+ 71. Ka7 Kc4 72. Ba5 Kb5 73. Bb6 Qxb6+ 74. Ka8 Qc5 75. Kb7 Ka5 76. Ka8 Kb6 77. Kb8 Qc7+   {White resigns} 0-1

[Event "Team 45 45 League T28"]
[Site "Free Internet Chess Server"]
[Date "2005.09.17"]
[Round "1"]
[White "Vinoblanca"]
[Black "pollock"]
[Result "0-1"]
[WhiteElo "1473"]
[BlackElo "1657"]
[TimeControl "2700+45"]

1. d4 Nf6 2. c4 c5 3. e3 e6 4. Nc3 cxd4 5. exd4 d5 6. Bg5 Nc6 7. Nf3 dxc4 8. Bxc4 Be7 9. O-O O-O 10. Rc1 a6 11. Re1 b5 12. Bb3 Bb7 13. Ne5 Nxd4 14. Re3 Nxb3 15. Rd3 Nd5 16. Bxe7 Qxe7 17. Qxb3 Qg5 18. Re1 Nxc3 19. Rg3 Qd2 20. Qxc3 Rad8 21. Rge3 Qd5 22. Nf3 Qxa2 23. R3e2 Rc8 24. Qe3 Rfd8 25. Ng5 Rd7 26. b3 Qa3 27. Nxe6 Re8 28. Qg3 fxe6 29. Rxe6 Rxe6 30. Rxe6 Rd1+   {White resigns} 0-1

[Event "Team 45 45 League T28"]
[Site "Free Internet Chess Server"]
[Date "2005.09.15"]
[Round "1"]
[White "Kamalleo"]
[Black "KlassAct"]
[Result "0-1"]
[WhiteElo "1244"]
[BlackElo "1399"]
[TimeControl "2700+45"]

1. d4 d5 2. e3 Nf6 3. c4 Bf5 4. Nd2 e6 5. Ngf3 Be7 6. a3 O-O 7. g3 c5 8. b3 cxd4 9. Nxd4 dxc4 10. bxc4 Be4 11. f3 Bc6 12. Rb1 b6 13. Be2 e5 14. Nf5 e4 15. O-O exf3 16. Bxf3 Bxf3 17. Rxf3 Bc5 18. Qe2 Nc6 19. Bb2 Re8 20. Nf1 Ne5 21. Bxe5 Rxe5 22. Ra1 Qd7 23. g4 Nxg4 24. Nh4 Qe7 25. Re1 Qxh4 26. a4 Rae8 27. a5 Rg5 28. Rg3 Ne5 29. Qf2 Rxg3+ 30. Nxg3 Nxc4 31. Kh1 Rxe3 32. Rf1 Qe7 33. Nf5 Qb7+ 34. Kg1 Rf3 35. Ng3 Bxf2+ 36. Kg2 Rxg3+ 37. Kxf2 Qf3+ 38. Ke1 Qe3+ 39. Kd1 Qd2#   {White checkmated} 0-1

[Event "Team 45 45 League T28"]
[Site "Free Internet Chess Server"]
[Date "2005.09.17"]
[Round "1"]
[White "zcomcon"]
[Black "RFFISCHER"]
[Result "1-0"]
[WhiteElo "1685"]
[BlackElo "1589"]
[TimeControl "2700+45"]

1. e4 c5 2. f4 d6 3. Nc3 Nc6 4. d3 e6 5. Nf3 Nf6 6. h3 g6 7. Bd2 Bg7 8. a3 O-O 9. g4 Ne8 10. Bg2 Rb8 11. Rb1 b5 12. g5 f5 13. Ne2 Nd4 14. c3 Nxf3+ 15. Bxf3 Nc7 16. h4 Bb7 17. Ng3 Re8 18. Kf2 Qd7 19. exf5 exf5 20. Bxb7 Rxb7 21. Qf3 Rbb8 22. Rhe1 b4 23. axb4 cxb4 24. cxb4 Qb5 25. Bc3 d5 26. Ne2 Qb6+ 27. d4 Qb5 28. Rbc1 Re4 29. Ng3 Re6 30. Nf1 Rbe8 31. Rxe6 Rxe6 32. Ne3 Kh8 33. Qe2 a6 34. Qxb5 axb5 35. Bd2 Na6 36. Rc8+   {Black resigns} 1-0

[Event "Team 45 45 League T28"]
[Site "Free Internet Chess Server"]
[Date "2005.09.19"]
[Round "1"]
[White "clarinetref"]
[Black "maglover"]
[Result "1-0"]
[WhiteElo "1524"]
[BlackElo "1551"]
[TimeControl "2700+45"]

1. Nf3 Nc6 2. d4 d5 3. g3 Nf6 4. Bg2 Bg4 5. Nbd2 e6 6. O-O Qd7 7. h3 Bf5 8. Nh4 Nxd4 9. Nxf5 Nxf5 10. c4 O-O-O 11. Qb3 Nd4 12. Qd3 Nc6 13. a3 Na5 14. cxd5 Nxd5 15. Nf3 Nc6 16. Bd2 g6 17. Rac1 Bg7 18. b4 Nb6 19. Qc2 Nd4 20. Nxd4 Bxd4 21. Qe4 Qd5 22. Qc2 Qd7 23. Rfd1 Qe7 24. Qe4 Rd5 25. Be3 f5 26. Qd3 Bb2 27. Bxd5 Bxc1 28. Bxb6 axb6 29. Rxc1 exd5 30. Qxd5 Rd8 31. Qc4 Rd7 32. Rc3 Qf7 33. Qf4 Qa2 34. Qe5 Qf7 35. a4 Re7 36. Qh8+ Re8 37. Qd4 Rxe2 38. Qxb6 Re1+ 39. Kh2 Re6 40. Qd4 Rd6 41. Qxd6   {Black resigns} 1-0

[Event "Team 45 45 League T28"]
[Site "Free Internet Chess Server"]
[Date "2005.09.19"]
[Round "1"]
[White "ahorse"]
[Black "xplan"]
[Result "1-0"]
[WhiteElo "1468"]
[BlackElo "1509"]
[TimeControl "2700+45"]

1. e4 e5 2. f4 exf4 3. Nf3 Nc6 4. Nc3 Bc5 5. d4 Bb4 6. Bc4 d6 7. O-O Bg4 8. Bxf4 Nxd4 9. Qxd4 Bc5 10. Bxf7+ Kxf7 11. Bg5 Nf6 12. Ne5+ dxe5 13. Qxc5 Qd4+ 14. Qxd4 exd4 15. Nd5 Ke6 16. Nxc7+   {Black resigns} 1-0

[Event "Team 45 45 League T28"]
[Site "Free Internet Chess Server"]
[Date "2005.09.15"]
[Round "1"]
[White "grabapawn"]
[Black "SamuraiGoroh"]
[Result "0-1"]
[WhiteElo "1412"]
[BlackElo "1521"]
[TimeControl "2700+45"]

1. e4 e5 2. Nf3 d6 3. Bc4 Qe7 4. Nc3 c6 5. d4 Nd7 6. Ng5 f6 7. Ne6 Nb6 8. Nxg7+ Qxg7 9. Qh5+ Qg6 10. Qxg6+ hxg6 11. Bb3 exd4 12. Ne2 c5 13. c3 c4 14. Bd1 d3 15. Nf4 Ne7 16. Be3 Bh6 17. Nh3 Bxe3 18. fxe3 Bxh3 19. gxh3 Rxh3 20. Kf2 O-O-O 21. Bg4+ Nd7 22. Bxh3 Rh8 23. Be6 Kc7 24. Bxc4 Nc5 25. b4 Nxe4+ 26. Kf3 Nd2+ 27. Kf4 Nxc4 28. h4 Nd5+ 29. Kg4 Ndxe3+ 30. Kf3 Nd5 31. Rad1 d2 32. Ke4 Nxc3+ 33. Kd3 Nxd1 34. Rxd1 b5 35. a4 Nb2+ 36. Kxd2 Nxd1 37. Kxd1 Rxh4   {White resigns} 0-1

[Event "Team 45 45 League T28"]
[Site "Free Internet Chess Server"]
[Date "2005.09.16"]
[Round "1"]
[White "sirpicha"]
[Black "noHz"]
[Result "0-1"]
[WhiteElo "1787"]
[BlackElo "1919"]
[TimeControl "2700+45"]

1. e4 e5 2. Nf3 Nf6 3. Nxe5 d6 4. Nf3 Nxe4 5. Qe2 Qe7 6. d3 Nf6 7. Qxe7+ Bxe7 8. g3 Nc6 9. a3 O-O 10. Bg2 Re8 11. O-O Bg4 12. Be3 d5 13. Nd4 Nxd4 14. Bxd4 c6 15. Nc3 Be6 16. Ne2 c5 17. Be3 d4 18. Bd2 Bd5 19. Nf4 Bxg2 20. Kxg2 Bd6 21. Rae1 h6 22. Rxe8+ Rxe8 23. Re1 Rxe1 24. Bxe1 Bxf4 25. gxf4 Nd5 26. Kf3 f5 27. c3 Kf7 28. c4 Nf6 29. b4 b6 30. a4 cxb4 31. Bxb4 Nd7 32. a5 bxa5 33. Bxa5 Nc5 34. Ke2 Ne6 35. Kf3 Ke8 36. Bb4 Kd7 37. Ba3 Kc6 38. Bd6   {White resigns} 0-1

[Event "Team 45 45 League T28"]
[Site "Free Internet Chess Server"]
[Date "2005.09.14"]
[Round "1"]
[White "seberg"]
[Black "zcomcon"]
[Result "1-0"]
[WhiteElo "1601"]
[BlackElo "1706"]
[TimeControl "2700+45"]

1. c4 c5 2. Nc3 Nf6 3. g3 d6 4. Bg2 a6 5. Nf3 e6 6. O-O Nbd7 7. d3 Rb8 8. a4 b6 9. Rb1 Bb7 10. e3 Be7 11. Bd2 O-O 12. Re1 Qc7 13. b4 cxb4 14. Rxb4 d5 15. Rb2 dxc4 16. d4 Ne4 17. Qc2 Nxd2 18. Nxd2 Bxg2 19. Kxg2 Rfc8 20. Rc1 Nf6 21. Ra2 b5 22. Ne2 Nd5 23. axb5 axb5 24. Qe4 Nb4 25. Raa1 g6 26. Nf4 Qc6 27. Qxc6 Nxc6 28. d5 exd5 29. Nxd5 Bf8 30. Rab1 Kg7 31. Nf3 Ne7 32. Nb4 Nf5 33. Nd5 b4 34. Ne5 c3 35. Nd7 Rb7 36. Nxf8 Kxf8 37. Nxc3 Rbc7 38. Na2 Rxc1 39. Nxc1 Rb8 40. Kf3 Ne7 41. Ke4 f5+ 42. Kd4 Rd8+ 43. Kc4 Rd2 44. Nd3 Nc6 45. Rb2 Rxb2 46. Nxb2 Ke7 47. Nd3 Kd6 48. Nxb4 Ne5+ 49. Kc3 g5 50. h3 h5 51. Kd2 Nf3+ 52. Ke2 g4 53. h4 Ke5 54. Nc6+ Kf6 55. Nd4 Ne5 56. f4 Ng6 57. Kd3 Ne7 58. e4 fxe4+ 59. Kxe4 Ng6 60. Nc6 Nh8 61. Ne5 Ke6 62. f5+ Ke7 63. Kf4 Kf6 64. Nd7+ Ke7 65. Nb6 Nf7 66. Nd5+ Kf8 67. Nf6   {Black resigns} 1-0

[Event "Team 45 45 League T28"]
[Site "Free Internet Chess Server"]
[Date "2005.09.17"]
[Round "1"]
[White "buRnINGbeNd"]
[Black "SamGB"]
[Result "1-0"]
[WhiteElo "1910"]
[BlackElo "1902"]
[TimeControl "2700+45"]

1. e4 e5 2. Nf3 Nf6 3. Nxe5 d6 4. Nf3 Nxe4 5. d4 d5 6. Bd3 Bd6 7. O-O O-O 8. Re1 Re8 9. c4 c6 10. Nc3 Nxc3 11. bxc3 Bg4 12. Bg5 f6 13. Be3 Qc7 14. h3 Bh5 15. cxd5 cxd5 16. g4 Bf7 17. Qc2 g6 18. g5 f5 19. h4 Nd7 20. h5 Bf4 21. h6 Rac8 22. Rac1 Re6 23. Bb5 Nb6 24. Qd2 Bxe3 25. Rxe3 Rxe3 26. Qxe3 a6 27. Bf1 Nc4 28. Bxc4 Qxc4 29. Qe5   {Black resigns} 1-0

[Event "Team 45 45 League T28"]
[Site "Free Internet Chess Server"]
[Date "2005.09.18"]
[Round "1"]
[White "Drever"]
[Black "ymy"]
[Result "1-0"]
[WhiteElo "1748"]
[BlackElo "1772"]
[TimeControl "2700+45"]

1. Nf3 Nf6 2. g3 b5 3. Bg2 Bb7 4. d3 e6 5. Nbd2 d5 6. O-O Be7 7. Re1 O-O 8. e4 c5 9. e5 Nfd7 10. h4 Nc6 11. Nf1 a5 12. Bf4 Re8 13. N1h2 f5 14. c3 a4 15. h5 b4 16. c4 d4 17. a3 b3 18. Qd2 Qa5 19. h6 Qxd2 20. Bxd2 g6 21. Bg5 Rab8 22. Bxe7 Nxe7 23. Ng5 Bxg2 24. Kxg2 Nc6 25. f4 Nd8 26. g4 Nf7 27. gxf5 Nxg5 28. fxg5 gxf5 29. g6 hxg6 30. Nf3 Nf8 31. Kg3 Nh7 32. Kf4 Kf7 33. Rh1 Rh8 34. Rag1 Rbg8 35. Ng5+ Nxg5 36. Kxg5 Rh7 37. Rh2 Rgh8 38. Rgh1 Rf8 39. Rh3 Kg8 40. Kxg6 f4 41. Rf3 Rf5 42. Rhf1 Rhf7 43. Rh1 Kh8 44. Rh5 Rxh5 45. Kxf7 Rh2 46. Kxe6 Rxb2 47. Kf7 Re2 48. e6 b2 49. Rf1 f3 50. e7 f2 51. e8=Q+ Rxe8 52. Kxe8 Kh7 53. Kd7 Kxh6 54. Kc6 Kg5 55. Kxc5 Kf4 56. Kxd4 Kf3 57. Kc3 Ke2 58. Rxf2+ Kxf2 59. Kxb2   {Black resigns} 1-0

[Event "Team 45 45 League T28"]
[Site "Free Internet Chess Server"]
[Date "2005.09.18"]
[Round "1"]
[White "bsdc"]
[Black "dzonson"]
[Result "0-1"]
[WhiteElo "1667"]
[BlackElo "1708"]
[TimeControl "2700+45"]

1. c4 Nf6 2. Nc3 e5 3. d3 Nc6 4. Nf3 Bb4 5. Bd2 d6 6. g3 O-O 7. Bg2 Bxc3 8. Bxc3 Ne8 9. e4 f5 10. exf5 Bxf5 11. O-O Nf6 12. Re1 Qd7 13. Ng5 h6 14. Ne4 Bg4 15. Qd2 Bh3 16. b4 Bxg2 17. Kxg2 Qf5 18. b5 Nxe4 19. Rxe4 Qf3+ 20. Kg1 Ne7 21. Re3 Qg4 22. Rae1 Ng6 23. Qe2 Qg5 24. d4 Nf4 25. Qf1 Qg4 26. f3 Nh3+ 27. Kg2 Qf5 28. dxe5 dxe5 29. Rxe5 Qc2+ 30. Qe2 Qxc3 31. Kxh3 Qxf3 32. Qxf3 Rxf3 33. R1e3 Rxe3 34. Rxe3 Kf7 35. Kg4 g6 36. h4 Rd8 37. Kf3 Rd4 38. Re4 Rd2 39. Re2 Rxe2 40. Kxe2 Ke6 41. Ke3 Ke5 42. g4 c6 43. h5 gxh5 44. gxh5 c5 45. a3 Kf5 46. a4 b6 47. Kf3 Kg5 48. Ke4 Kxh5 49. Kf5 Kh4 50. Kf4 h5 51. Ke5 Kg4 52. Kd6 h4 53. a5 h3 54. axb6 axb6 55. Kc6 h2 56. Kxb6 h1=Q 57. Kxc5 Qg1+ 58. Kc6 Qg2+ 59. Kb6 Qf2+ 60. c5 Qf6+ 61. c6 Qd4+ 62. Kb7 Qc5 63. b6 Qe7+ 64. c7 Qd7 65. Kb8 Qd6 66. Ka7 Qc6 67. Ka6 Qa8+ 68. Kb5 Qb7 69. Kc5 Kf5 70. Kd6 Qxb6+ 71. Kd7 Qe6+ 72. Kd8 Qd6+ 73. Kc8 Ke6 74. Kb8 Kd7 75. Ka8 Kxc7 76. Ka7 Qb6+ 77. Ka8 Qb7#   {White checkmated} 0-1

[Event "Team 45 45 League T28"]
[Site "Free Internet Chess Server"]
[Date "2005.09.17"]
[Round "1"]
[White "Aul"]
[Black "xboard"]
[Result "1-0"]
[WhiteElo "1551"]
[BlackElo "1677"]
[TimeControl "2700+45"]

1. d4 Nf6 2. e3 g6 3. Bd3 d6 4. Nd2 Bg7 5. f4 O-O 6. Ngf3 b6 7. O-O c5 8. Ne4 Bb7 9. Nxf6+ Bxf6 10. c3 Nd7 11. e4 Bg7 12. Be3 Nf6 13. d5 Qc8 14. c4 Ng4 15. Bc1 e5 16. h3 Nh6 17. fxe5 dxe5 18. Nxe5 Bxe5 19. Bxh6 Re8 20. Rb1 Qc7 21. Kh1 Bc8 22. Qf3 f6 23. Bf4 Qe7 24. Bxe5 fxe5 25. Qf6 Qg7 26. Rf3 Rf8 27. Qxg7+ Kxg7 28. Rbf1 Bd7 29. a3 Rxf3 30. Rxf3 Rf8 31. Kh2 Rxf3 32. gxf3 g5 33. b4 h6 34. Kg3 Kf6 35. h4 Kg6 36. Be2 cxb4 37. axb4 a5 38. bxa5 bxa5 39. c5 a4 40. Bc4 a3 41. c6 Bc8 42. d6 Ba6 43. Bb3 Bb5 44. d7   {Black resigns} 1-0

[Event "Team 45 45 League T28"]
[Site "Free Internet Chess Server"]
[Date "2005.09.16"]
[Round "1"]
[White "gracey"]
[Black "trajanus"]
[Result "1-0"]
[WhiteElo "2070"]
[BlackElo "2008"]
[TimeControl "2700+45"]

1. c4 Nf6 2. b3 g6 3. Nc3 Bg7 4. Bb2 O-O 5. d4 d6 6. e4 Nbd7 7. Be2 e5 8. dxe5 dxe5 9. Nf3 Qe7 10. Qd2 c6 11. O-O Nh5 12. a4 Nc5 13. Ba3 f5 14. exf5 Bxf5 15. Qe3 b6 16. Nd4 Nf4 17. Nxc6 Nxe2+ 18. Qxe2 Qb7 19. Bxc5 bxc5 20. Nd5 Rae8 21. Na5 Qc8 22. Rae1 e4 23. Qe3 Bd4 24. Qd2 Bg7 25. h3 Kh8 26. Rd1 Bxh3 27. gxh3 Qxh3 28. Qg5 Be5 29. Qg2 Qh5 30. Ne3 Rf4 31. Rd5 Ref8 32. Nc6 Rh4 33. Rxe5 Qe2 34. Rxe4 Rh5 35. f3 Qd3 36. Qb2+ Kg8 37. Re7 Rg5+ 38. Ng2   {Black resigns} 1-0

[Event "Team 45 45 League T28"]
[Site "Free Internet Chess Server"]
[Date "2005.09.18"]
[Round "1"]
[White "RoZa"]
[Black "bahus"]
[Result "0-1"]
[WhiteElo "1960"]
[BlackElo "1868"]
[TimeControl "2700+45"]

1. d3 d5 2. c3 Nf6 3. Nd2 Bf5 4. Ngf3 c5 5. g3 Nc6 6. Bg2 e5 7. Nh4 Be6 8. e4 Qc7 9. Qc2 g6 10. O-O Bg7 11. Nb3 b6 12. Bg5 Rd8 13. Rad1 O-O 14. f4 h6 15. fxe5 Qxe5 16. Bxf6 Bxf6 17. d4 Qg5 18. dxc5 dxe4 19. cxb6 Bxb3 20. Qxb3 Qe3+ 21. Kh1 Bxh4 22. gxh4 axb6 23. Rde1 Qc5 24. Bxe4 Ne5 25. Rf6 Rd6 26. Rxd6 Qxd6 27. Qd5 Qf6 28. Bg2 Ng4 29. h5 Qh4   {White resigns} 0-1

[Event "Team 45 45 League T28"]
[Site "Free Internet Chess Server"]
[Date "2005.09.17"]
[Round "1"]
[White "javamanissa"]
[Black "zota"]
[Result "0-1"]
[WhiteElo "1791"]
[BlackElo "1960"]
[TimeControl "2700+45"]

1. e4 c5 2. Nf3 d6 3. d4 cxd4 4. Nxd4 Nf6 5. Nc3 a6 6. Be2 e5 7. Nb3 Be6 8. O-O Nbd7 9. Be3 Qc7 10. Qd2 Be7 11. Rad1 O-O 12. f4 Rac8 13. f5 Bc4 14. Bxc4 Qxc4 15. Qd3 b5 16. Qxc4 Rxc4 17. Nd2 Rc7 18. a3 Rfc8 19. h3 h5 20. Rf2 d5 21. exd5 Bxa3 22. Nxb5 axb5 23. bxa3 Rxc2 24. Nb1 R2c4 25. Rb2 Re4 26. Bg5 Rc5 27. Nd2 Ra4 28. Nb1 Nxd5 29. Rc1 Rac4 30. Rxc4 bxc4 31. Rc2 c3 32. Kf2 Rc4 33. Ke2 Nc5 34. Be3 Re4 35. Rxc3 Nxc3+ 36. Nxc3 Rc4 37. Nd5 Nd7   {White resigns} 0-1

[Event "Team 45 45 League T28"]
[Site "Free Internet Chess Server"]
[Date "2005.09.18"]
[Round "1"]
[White "fledermaus"]
[Black "JoeytheBudgie"]
[Result "0-1"]
[WhiteElo "1932"]
[BlackElo "1763"]
[TimeControl "2700+45"]

1. d4 Nf6 2. c4 b6 3. Nc3 Bb7 4. d5 c6 5. e4 cxd5 6. exd5 e6 7. g3 Bb4 8. Bg2 Bxc3+ 9. bxc3 d6 10. Ne2 e5 11. O-O Nfd7 12. g4 Qc7 13. Ng3 O-O 14. Qe2 Ba6 15. Rd1 Bxc4 16. Qe3 Na6 17. Nf5 Ndc5 18. Nxg7 Rad8 19. Qh3 f6 20. Nf5 Kh8 21. Qh4 Qf7 22. Bh6 Rg8 23. h3 Bd3 24. Ne3 Qg6 25. Kh2 Be4 26. Bxe4 Nxe4 27. Nf5 Rd7 28. Rd3 Nac5 29. Rf3 Ng5 30. Bxg5 Qxg5 31. Qxg5 fxg5 32. Ne3 Ne4 33. c4 Rc8 34. Rc1 h6 35. Nf5 Kh7 36. Re3 Nd2 37. Rec3 Ne4 38. R3c2 Kg6 39. Kg2 Nc5 40. f3 Nd3 41. Rb1 a6 42. Rxb6 Ne1+   {White resigns} 0-1

[Event "Team 45 45 League T28"]
[Site "Free Internet Chess Server"]
[Date "2005.09.17"]
[Round "1"]
[White "roverch"]
[Black "watson"]
[Result "0-1"]
[WhiteElo "1916"]
[BlackElo "1932"]
[TimeControl "2700+45"]

1. e4 c5 2. Nf3 d6 3. d4 cxd4 4. Nxd4 Nf6 5. Nc3 a6 6. Be2 e5 7. Nb3 Be7 8. O-O O-O 9. Be3 Be6 10. Kh1 Nc6 11. f4 exf4 12. Bxf4 Rc8 13. Nd4 Nxd4 14. Qxd4 Ne8 15. Rad1 Bf6 16. Qe3 Bxc3 17. bxc3 Qa5 18. Qg3 Qxc3 19. Bd3 Bxa2 20. e5 dxe5 21. Bxe5 Qc6 22. Be4 Qxe4 23. Rd4 Qxc2 24. Rg4 f6   {White resigns} 0-1

[Event "Team 45 45 League T28"]
[Site "Free Internet Chess Server"]
[Date "2005.09.17"]
[Round "1"]
[White "buRnINGbeNd"]
[Black "TheTactician"]
[Result "1-0"]
[WhiteElo "1933"]
[BlackElo "1797"]
[TimeControl "2700+45"]

1. e4 c5 2. Nf3 d6 3. d4 cxd4 4. Nxd4 Nf6 5. Nc3 a6 6. Bg5 e6 7. f4 Be7 8. Qf3 Qc7 9. O-O-O Nbd7 10. g4 b5 11. Bxf6 Nxf6 12. g5 Nd7 13. f5 Nc5 14. f6 gxf6 15. gxf6 Bf8 16. Rg1 Bd7 17. Rg7 b4 18. Nd5 exd5 19. exd5 O-O-O 20. Rxf7 Bh6+ 21. Kb1 Rdf8 22. Re7 Qd8 23. Rxd7 Kxd7 24. Qf5+ Kc7 25. Ne6+ Nxe6 26. dxe6 d5 27. Bg2 Rxf6 28. Qe5+ Kc8 29. Rxd5 Qb6 30. Rc5+ Qxc5 31. Qxc5+ Kd8 32. Qd6+ Ke8 33. Bc6#   {Black checkmated} 1-0

[Event "Team 45 45 League T28"]
[Site "Free Internet Chess Server"]
[Date "2005.09.16"]
[Round "1"]
[White "Sportsmen"]
[Black "Maras"]
[Result "1-0"]
[WhiteElo "2209"]
[BlackElo "2097"]
[TimeControl "2700+45"]

1. e4 e6 2. d4 d5 3. Nc3 Bb4 4. e5 Ne7 5. a3 Bxc3+ 6. bxc3 b6 7. Qg4 Ng6 8. h4 h5 9. Qg3 Ba6 10. Bxa6 Nxa6 11. Ne2 Qd7 12. a4 Nb8 13. Nf4 Rh6 14. O-O Nc6 15. Nh3 Rh8 16. Bg5 Nce7 17. Bxe7 Qxe7 18. Ng5 Qd7 19. a5 b5 20. a6 Ne7 21. Qd3 Nf5 22. g3 Rb8 23. Nf3 Rb6 24. Nd2 Rh6 25. Nb3 Rg6 26. Nc5 Qe7 27. Kh2 Rg4 28. Rab1 g5 29. hxg5 Qxg5 30. Qf3 h4 31. Kh3 Ne3 32. Rg1 hxg3 33. fxe3 Qh4+ 34. Kg2 Qh2+ 35. Kf1 Rg5 36. Qg2 Qh7 37. e4 Rg4 38. Rh1 Qg7 39. Rh3 Qg5 40. Re1 b4 41. exd5 exd5 42. Kg1 Rh6 43. e6 f6 44. e7 Rxh3 45. Qxh3 Qd2 46. Qh8+   {Black resigns} 1-0

[Event "Team 45 45 League T28"]
[Site "Free Internet Chess Server"]
[Date "2005.09.18"]
[Round "1"]
[White "Wizeman"]
[Black "HotDonut"]
[Result "1-0"]
[WhiteElo "2079"]
[BlackElo "1788"]
[TimeControl "2700+45"]

1. e4 c6 2. d4 d5 3. exd5 cxd5 4. c4 Nf6 5. c5 Nc6 6. Bb5 Qa5+ 7. Nc3 Ne4 8. Ne2 e6 9. O-O Be7 10. a3 Nxc3 11. Nxc3 O-O 12. Bf4 Bf6 13. b4 Qd8 14. Bxc6 bxc6 15. Bd6 Be7 16. Bg3 Ba6 17. Re1 Bc4 18. a4 a6 19. Rb1 Bf6 20. Bd6 Be7 21. Bxe7 Qxe7 22. b5 axb5 23. axb5 cxb5 24. Nxb5 Bxb5 25. Rxb5 Rac8 26. Qb3 Rfe8 27. Rb7 Qh4 28. Qc3 Rc6 29. Ra1 e5 30. dxe5 Qc4 31. Qf3 Rf8 32. Rxf7 Rcc8 33. Rxf8+ Rxf8 34. Qe3 d4 35. Rc1 Qd5 36. Qe2 d3 37. Qe3 Rc8 38. e6 d2 39. Rd1 Qxc5 40. Qxd2 Re8 41. Qd7 Qc8 42. Qf7+ Kh8 43. e7 Qh3 44. Qf8+ Rxf8 45. exf8=R#   {Black checkmated} 1-0

[Event "Team 45 45 League T28"]
[Site "Free Internet Chess Server"]
[Date "2005.09.18"]
[Round "1"]
[White "lodda"]
[Black "BlindTechie"]
[Result "0-1"]
[WhiteElo "1901"]
[BlackElo "2047"]
[TimeControl "2700+45"]

1. d4 e6 2. c4 Nf6 3. Nf3 Be7 4. Nc3 O-O 5. e4 d5 6. cxd5 exd5 7. e5 Ne4 8. Bd3 Bf5 9. Qc2 Nc6 10. a3 Bg4 11. Be3 Nxc3 12. bxc3 h6 13. Qd2 f6 14. exf6 Bxf6 15. Bc2 Bxf3 16. gxf3 Bh4 17. Rg1 Rxf3 18. O-O-O Qf8 19. Qd3 Qxa3+ 20. Kb1 Bf6 21. Qh7+ Kf7 22. Bxh6 Qxc3 23. Bxg7 Ke6 24. Rge1+ Kd6 25. Qg6 Qb4+ 26. Kc1 Rg8 27. Qg4 Qa3+ 28. Kb1 Rb3+ 29. Bxb3 Qxb3+ 30. Kc1 Qc3+ 31. Kb1 Qb4+ 32. Kc1 Nxd4 33. Rxd4 Qxe1+ 34. Rd1 Qc3+ 35. Kb1 Qb2#   {White checkmated} 0-1

[Event "Team 45 45 League T28"]
[Site "Free Internet Chess Server"]
[Date "2005.09.17"]
[Round "1"]
[White "sidiAhmed"]
[Black "LLIAMAH"]
[Result "0-1"]
[WhiteElo "1687"]
[BlackElo "1742"]
[TimeControl "2700+45"]

1. d4 c6 2. c4 d5 3. Nc3 Nf6 4. Nf3 Na6 5. cxd5 cxd5 6. e3 Nb4 7. Bb5+ Nc6 8. Ne5 Bd7 9. Qf3 e6 10. O-O Bb4 11. Qg3 h6 12. Nxd7 Qxd7 13. Qxg7 O-O-O 14. Qxf6 Rhg8 15. Qxh6 Rg6 16. Qh3 Bd6 17. e4 dxe4 18. Nxe4 Bc7 19. Be3 Rdg8 20. g3 Qe8 21. Bxc6 bxc6 22. f4 Rh8 23. Qg2 Rgh6 24. h4 Rg6 25. Qh2 Qe7 26. Ng5 f6 27. Nf3 e5 28. dxe5 fxe5 29. Qh3+ Kb8 30. Kf2 exf4 31. gxf4 Qf6 32. Qd7 Rd8 33. Qh3 Qxb2+ 34. Ke1 Qxa1+ 35. Ke2 Qxa2+ 36. Nd2 Re6 37. f5 Qxd2+   {White resigns} 0-1

[Event "Team 45 45 League T28"]
[Site "Free Internet Chess Server"]
[Date "2005.09.18"]
[Round "1"]
[White "redback"]
[Black "phorku"]
[Result "0-1"]
[WhiteElo "1513"]
[BlackElo "1574"]
[TimeControl "2700+45"]

1. c4 e6 2. Nc3 d5 3. e3 Nf6 4. d4 c5 5. cxd5 Nxd5 6. Nf3 cxd4 7. Qxd4 a6 8. Bc4 Nc6 9. Qd1 Bb4 10. Bd2 Nxc3 11. bxc3 Bd6 12. Qb3 O-O 13. O-O Qc7 14. e4 b5 15. Bd3 Bb7 16. Be2 Rad8 17. Rad1 Na5 18. Qc2 Nc4 19. Bxc4 Qxc4 20. e5 Bxf3 21. gxf3 Bxe5 22. Bg5 Rxd1 23. Rxd1 f6 24. f4 Bxf4 25. Bxf4 Qxf4 26. Qd3 Qg5+ 27. Kh1 Qd5+ 28. Qxd5 exd5 29. Rxd5 Ra8 30. Rc5 Kf7 31. Kg2 Ra7 32. Kf3 Ke6 33. Ke4 Kd6 34. Kd4 Re7 35. f4 Re4+ 36. Kxe4 Kxc5 37. a3 Kc4 38. f5 Kxc3 39. Kd5 Kb3 40. Kc5 Kxa3 41. Kb6 b4 42. Kc5 b3 43. Kc4 b2   {White resigns} 0-1

[Event "Team 45 45 League T28"]
[Site "Free Internet Chess Server"]
[Date "2005.09.16"]
[Round "1"]
[White "zandree"]
[Black "chesstalker"]
[Result "0-1"]
[WhiteElo "1322"]
[BlackElo "1419"]
[TimeControl "2700+45"]

1. c4 e5 2. Nc3 c6 3. g3 Nf6 4. Nf3 e4 5. Ng5 d5 6. d3 Bf5 7. Be3 Qd7 8. Qa4 h6 9. Nh3 Bxh3 10. Qb3 Bxf1 11. Rxf1 Na6 12. Na4 b5 13. Nc3 d4 14. Nxe4 Nxe4 15. Bf4 Bb4+ 16. Kd1 Nec5 17. Qc2 O-O 18. a3 Qh3 19. Rh1 Qg2 20. Qc1 Nb3 21. Qb1 Nxa1 22. axb4 Qxh1+ 23. Kd2 Qxb1 24. Bd6 Nb3#   {White checkmated} 0-1

[Event "Team 45 45 League T28"]
[Site "Free Internet Chess Server"]
[Date "2005.09.18"]
[Round "1"]
[White "couv"]
[Black "GadsHill"]
[Result "0-1"]
[WhiteElo "1578"]
[BlackElo "1692"]
[TimeControl "2700+45"]

1. e4 d6 2. d4 Nf6 3. Bd3 Nbd7 4. Nf3 e5 5. c3 Be7 6. O-O O-O 7. Re1 c6 8. dxe5 dxe5 9. Bg5 Qc7 10. Nbd2 Nc5 11. Bc4 b5 12. Bxf6 Bxf6 13. Bf1 Rd8 14. Qc2 Ne6 15. a4 a6 16. axb5 cxb5 17. Bxb5 Bb7 18. Bd3 Nc5 19. Re3 Ne6 20. Ra4 Nf4 21. Bc4 Qd7 22. g3 Nh3+ 23. Kg2 h5 24. Rd3 Qg4 25. Rxd8+ Rxd8 26. Kf1 Ng5 27. Nxg5 Bxg5 28. Nb3 Rd1+   {White resigns} 0-1

[Event "Team 45 45 League T28"]
[Site "Free Internet Chess Server"]
[Date "2005.09.18"]
[Round "1"]
[White "jyntor"]
[Black "Lamtarra"]
[Result "1-0"]
[WhiteElo "1559"]
[BlackElo "1540"]
[TimeControl "2700+45"]

1. e4 d6 2. d4 Nf6 3. Nc3 g6 4. f4 Bg7 5. Nf3 O-O 6. Bd3 Bg4 7. e5 Nfd7 8. Be3 f6 9. exf6 Nxf6 10. h3 Bd7 11. Qd2 Bc6 12. Be2 Nbd7 13. d5 Bxd5 14. Nxd5 Nb6 15. Nxf6+ Bxf6 16. Bd4 Nd5 17. Bc4 e6 18. Bxd5 exd5 19. O-O-O c6 20. Bxf6 Qxf6 21. g3 Rae8 22. Rhe1 Re7 23. Rxe7 Qxe7 24. Re1 Qd7 25. Qe3 Qxh3 26. Qe6+ Qxe6 27. Rxe6 Rd8 28. Re7 Rb8 29. Rd7 Re8 30. Kd2 Re6 31. Rxb7 a5 32. Nd4 Rf6 33. Nxc6 h6 34. Ne7+ Kf8 35. Nxd5 Re6 36. c4 g5 37. fxg5 hxg5 38. Ra7 Re4 39. Ne3 Rd4+ 40. Ke2 Re4 41. Rxa5 Ke7 42. Rxg5 Kf6   {Black resigns} 1-0